[Event "FRA-ch Teams Top 16-A 2022"]
[Site "Chartres"]
[Date "2022.06.09"]
[Round "1.12"]
[White "Feller, Sebastien"]
[Black "Sochacki, Wojtek"]
[Result "1/2-1/2"]
[ECO "C44"]
[WhiteElo "2569"]
[BlackElo "2324"]
[Annotator "TA"]
[PlyCount "34"]
[EventDate "2022.06.09"]
[EventType "team-tourn"]
[EventCountry "FRA"]
[SourceTitle "playchess.com"]
[Source "ChessBase"]
[SourceQuality "1"]
[TimeControl "40/5400+30:1800+30"]

1. e4 e5 2. Nf3 Nc6 3. d3 Nf6 4. g3 d5 5. Nbd2 Bc5 6. Bg2 dxe4 7. dxe4 O-O 8. O-O {[%emt 0:00:08] C44: Ponziani Opening and Scotch Gambit.} a5 9. c3 a4 10. Qc2 {[%emt 0:14:17] Prevents Qd3.} b6 11. Nc4 Ng4 {[%emt 0:48:32] [#]} 12. h3 $146 ({Predecessor:} 12. Ne3 Nxe3 13. Bxe3 Bxe3 14. fxe3 Qe7 15. Rf2 {0-1 (33) Bersamina,P (1927)-De Ramos,J (2314) Olongapo City 2010}) 12... Ba6 {[#] And now ...Nxf2 would win.} 13. b3 axb3 14. axb3 Bxc4 15. Rxa8 Qxa8 16. bxc4 Nxf2 (16... Nf6 $15) 17. Kh2 (17. Rxf2 $11 Qa1 {[#]} 18. Bf1 $1) 17... Qa6 {[%emt 0:03:00] Weighted Error Value: White=0.07 (flawless) /Black=0.10 (very precise)} 1/2-1/2

[Event "FRA-ch Teams Top 16-A 2022"]
[Site "Chartres"]
[Date "2022.06.09"]
[Round "1.13"]
[White "Cantin, Loic"]
[Black "Bailet, Pierre"]
[Result "1/2-1/2"]
[ECO "E66"]
[WhiteElo "2199"]
[BlackElo "2509"]
[Annotator "TA"]
[PlyCount "142"]
[EventDate "2022.06.09"]
[EventType "team-tourn"]
[EventCountry "FRA"]
[SourceTitle "playchess.com"]
[Source "ChessBase"]
[SourceQuality "1"]
[TimeControl "40/5400+30:1800+30"]

1. Nf3 Nf6 2. g3 g6 3. Bg2 Bg7 4. O-O O-O 5. c4 d6 6. d4 Nc6 7. d5 Na5 8. Nfd2 c5 9. Nc3 a6 10. Qc2 Rb8 11. Rb1 b5 12. b3 e6 13. Bb2 Re8 14. dxe6 {[%emt 0:18:56] E66: King's Indian: Fianchetto: 6...c5 7 0-0 Nc6 8 d5.} Bxe6 15. cxb5 axb5 16. Nce4 {[%emt 0:01:01] aiming for Nxf6+.} Bf5 17. Nxf6+ Bxf6 18. e4 Bd7 {[%emt 0:02:55] [#]} 19. Rbd1 $146 (19. Bxf6 $11 Qxf6 20. b4) ({Predecessor:} 19. f4 Bg7 20. Bxg7 Kxg7 21. b4 Nb7 22. bxc5 dxc5 23. Qb2+ Kg8 24. e5 Bf5 25. Rbd1 {1-0 (40) Schmidt,T-Schwab,P ICCF corr 1996}) 19... Nc6 $15 20. Nf3 Bg4 21. h3 {[%emt 0:04:00] Threatens to win with Bxf6.} Bxf3 22. Bxf3 Bxb2 23. Qxb2 Nd4 24. Bg2 Qa5 25. f4 b4 26. Rf2 Re7 27. Kh2 Qd8 28. Qc1 Qf8 29. Qc4 Qe8 30. Qd5 Rd8 31. Rdd2 $1 Nb5 32. e5 Red7 {[%emt 0:02:12] ...dxe5 is the strong threat.} ({Much weaker is} 32... Nc3 33. Qd3 $11) 33. Qc4 Nd4 34. Rxd4 cxd4 35. Bc6 {[%emt 0:00:06] [#]} dxe5 $1 36. fxe5 {[%emt 0:00:18] [#]} d3 $1 37. Rd2 Qe7 (37... Qxe5 $2 38. Bxd7 h5 39. h4 $1 $18 (39. Rxd3 Qe2+ 40. Kg1 Qe1+ 41. Kh2 Qf2+ 42. Kh1 Qf1+ 43. Kh2 Qf2+ 44. Kh1 Qf1+ 45. Kh2 Qf2+ $11)) (37... Rc8 $5 38. Qb5 (38. Bxd7 $2 Rxc4 39. Bxe8 Rc2 $19) 38... Rxc6 $1 39. Qxc6 Qd8 $15) 38. Bxd7 Rxd7 39. Rxd3 Rxd3 40. Qxd3 Qxe5 $11 {[%emt 0:00:07][%mdl 4096] Endgame KQ-KQ} 41. Qd2 Qc3 42. Qe2 g5 43. h4 h6 44. hxg5 hxg5 45. Kh3 Qc8+ 46. Kh2 Qc5 47. Qd2 Kg7 48. Qb2+ Kg6 49. Qe2 Qd4 50. Kh3 Qd7+ 51. Kh2 f5 52. Qa6+ Kg7 {[%emt 0:00:00] Threatening ...Qd2+.} 53. Qe2 {[%emt 0:00:00] Prevents Qd2.} Qd6 54. Kg2 Kf6 55. Qb2+ Kg6 56. Qc2 Qd5+ 57. Kh2 $1 Qe4 58. Qd1 Qe5 59. Qd2 f4 60. g4 {[%emt 0:01:42] [#]} (60. Qd3+ $11 Kf6 61. Kg2) 60... Kh6 (60... f3+ $1 $17 61. Kh3 Qh8+ 62. Kg3 Qh4+ 63. Kxf3 Qh3+ 64. Kf2 Qh2+ 65. Ke3 Qg3+ 66. Kd4 Qxg4+ 67. Kc5 Qf4) 61. Qc2 {[%emt 0:02:14] The position is equal.} Qc3 62. Qf5 Qd2+ 63. Kh1 Qd6 64. Kg1 Qe7 65. Kf1 Kg7 66. Qd5 Qf6 67. Qb7+ Kh6 {[%emt 0:00:34] Hoping for ...Qa1+.} 68. Qh1+ Kg7 69. Qb7+ Kg6 {[%emt 0:00:49] White must now prevent ...Qa1+.} 70. Qxb4 Qa1+ 71. Qe1 Qxa2 {[%emt 0:00:26] Weighted Error Value: White=0.10 (very precise) /Black=0.08 (flawless)} 1/2-1/2

[Event "FRA-ch Teams Top 16-A 2022"]
[Site "Chartres"]
[Date "2022.06.09"]
[Round "1.14"]
[White "Koch, Jean-Rene"]
[Black "Caille, Hugo"]
[Result "1/2-1/2"]
[ECO "A14"]
[WhiteElo "2441"]
[BlackElo "2177"]
[Annotator "TA"]
[PlyCount "42"]
[EventDate "2022.06.09"]
[EventType "team-tourn"]
[EventCountry "FRA"]
[SourceTitle "playchess.com"]
[Source "ChessBase"]
[SourceQuality "1"]
[TimeControl "40/5400+30:1800+30"]

1. c4 e6 2. g3 Nf6 3. Bg2 d5 4. Nf3 Be7 5. b3 d4 6. O-O O-O 7. d3 {[%emt 0:04:51] A14: English Opening: 1...e6 with b3 by White.} Nc6 8. a3 a5 $1 {[%emt 0:00:59] Inhibits b4.} 9. e4 (9. e3 $11) 9... e5 $15 {[%emt 0:04:09] [#]} 10. Ra2 $146 ({Predecessor:} 10. Bd2 Bg4 11. Ra2 Nd7 12. h3 Bxf3 13. Bxf3 Nc5 14. Qc2 Bg5 15. Be1 g6 16. Bg2 {0-1 (34) Handel,H-Zirngibl,A Schkopau 1958}) 10... Bd7 11. Ne1 Qc8 12. f4 Bg4 13. Qc2 exf4 14. gxf4 Nd7 15. h3 Bh5 16. Nd2 Nc5 17. Ndf3 {[%emt 0:01:34] Against Bh4} f5 {[%emt 0:04:08] Strongly threatening ...fxe4.} 18. e5 Ne6 19. Kh1 Qd7 20. Qf2 Kh8 21. Ra1 {[%emt 0:01:24] [#]} Rab8 $1 {[%emt 0:02:45] Weighted Error Value: White=0.12 (very precise) /Black=0.10 (very precise)} 1/2-1/2

[Event "FRA-ch Teams Top 16-A 2022"]
[Site "Chartres"]
[Date "2022.06.09"]
[Round "1.15"]
[White "Da Silva, Quentin"]
[Black "Migot, Tangi"]
[Result "0-1"]
[ECO "B44"]
[WhiteElo "2171"]
[BlackElo "2353"]
[Annotator "TA"]
[PlyCount "92"]
[EventDate "2022.06.09"]
[EventType "team-tourn"]
[EventCountry "FRA"]
[SourceTitle "playchess.com"]
[Source "ChessBase"]
[SourceQuality "1"]
[TimeControl "40/5400+30:1800+30"]

1. e4 c5 2. Nf3 e6 3. d4 cxd4 4. Nxd4 Nc6 5. Nb5 d6 6. c4 Nf6 7. N1c3 a6 8. Na3 Be7 9. Be2 b6 10. Be3 Bb7 11. f3 O-O 12. O-O Ne5 13. Rc1 Re8 {[%emt 0:04:49] [#] B44: Sicilian: Taimanov: 5 Nb5.} 14. Re1 $146 ({Predecessor:} 14. Qd4 Ned7 15. b4 a5 16. bxa5 d5 17. Nab5 e5 18. Qd2 d4 19. Nxd4 exd4 20. Bxd4 Rxa5 21. Nd5 {0-1 (39) Vatsal,S (2228)-Diermair,A (2501) Barcelona 2018}) 14... Rc8 15. Bf2 Nh5 {[%emt 0:10:52] The position is equal.} 16. Na4 Nd7 17. Bf1 d5 18. exd5 exd5 19. cxd5 (19. Qb3 $11 {remains equal.}) 19... Rxc1 $17 {[%emt 0:01:43] Black converts the advantage convincingly.} 20. Qxc1 {[%emt 0:00:11] [#]} b5 $1 21. d6 ({But not} 21. Nc3 b4 22. Nc4 bxc3 $17) (21. Nxb5 $17 axb5 22. Bxb5) 21... Bxd6 $19 {[%emt 0:01:30] And now ...Rxe1 would win.} 22. Rxe8+ Qxe8 23. Nb6 Nxb6 24. Bxb6 Qb8 {[%emt 0:00:13][%cal Ob7f3] Threatens to win with ...Bxf3!} 25. Qg5 (25. Kh1 $142) 25... Bxh2+ 26. Kf2 Bg3+ 27. Kg1 {[%emt 0:01:07] [#]} Bxf3 28. Qd8+ (28. Bf2 Bxf2+) 28... Qxd8 29. Bxd8 Bd5 30. Nc2 Bd6 {[%emt 0:00:50] Prevents Nb4.} 31. b3 Be4 32. Ne1 Ng3 {[%emt 0:02:31] Strongly threatening ...Bc5+.} 33. Bd3 Bxd3 34. Nxd3 {[%emt 0:00:06][%mdl 4096] Endgame KBN-KBN} Ne2+ 35. Kf1 Nc3 36. Nc1 Ba3 37. Bg5 (37. Ba5) 37... f6 38. Be3 (38. Bd2 $142) 38... Kf7 {[%emt 0:00:37] Hoping for ...Bxc1.} 39. Ke1 $2 (39. Bd4) 39... Bxc1 {[%emt 0:01:58] Black is clearly winning.} 40. Bxc1 Nxa2 {[%emt 0:00:05] KB-KN} 41. Bd2 b4 42. Ke2 Ke6 43. Kd3 Kd5 {[%emt 0:00:00] White must now prevent ...h5.} 44. Be1 Nc3 45. Bd2 a5 46. Be3 a4 {[%emt 0:00:00] Weighted Error Value: White=0.72/Black=0.22 (precise)} 0-1

[Event "FRA-ch Teams Top 16-A 2022"]
[Site "Chartres"]
[Date "2022.06.09"]
[Round "1.16"]
[White "Rouzes, Sibylle-Anne"]
[Black "Dieuleveut, Floriane"]
[Result "0-1"]
[ECO "B56"]
[WhiteElo "1580"]
[BlackElo "1863"]
[Annotator "NA RC COMBH"]
[PlyCount "90"]
[EventDate "2022.06.09"]
[EventType "team-tourn"]
[EventCountry "FRA"]
[SourceTitle "playchess.com"]
[Source "ChessBase"]
[SourceQuality "1"]
[TimeControl "40/5400+30:1800+30"]

1. e4 c5 2. Nf3 Nc6 3. d4 cxd4 4. Nxd4 g6 5. Nxc6 bxc6 6. Bd3 Bg7 7. O-O Nf6 8. Nc3 d6 9. Bd2 O-O 10. h3 Be6 11. b3 Nd7 12. Rb1 Nc5 13. Qc1 Qb6 14. Na4 Nxa4 15. bxa4 Qc7 16. Qa3 Rab8 17. c4 Rxb1 18. Rxb1 Rb8 19. Rb3 Bd4 20. Qc1 Rxb3 21. axb3 Qb6 22. b4 Bxf2+ 23. Kf1 Bd4 24. Qd1 Qa6 25. Qc2 Qc8 26. Qd1 Bxh3 27. Qf3 Bg4 28. Qg3 Qe6 29. Ke1 Be5 30. Qf2 Qf6 31. Qxf6 Bxf6 32. Be3 Bc3+ 33. Bd2 Bxd2+ 34. Kxd2 Bc8 35. b5 cxb5 36. cxb5 Kf8 37. Bc4 Ke8 38. Bd5 e6 39. Bc6+ Kd8 40. Kc3 Kc7 41. Be8 f6 42. Kc4 Bb7 43. Kd4 e5+ 44. Ke3 Kb6 45. Bf7 Ka5 0-1

[Event "FRA-ch Teams Top 16-A 2022"]
[Site "Chartres"]
[Date "2022.06.09"]
[Round "1.17"]
[White "Mamedov, Rauf"]
[Black "Alonso Rosell, Alvar"]
[Result "1-0"]
[ECO "C54"]
[WhiteElo "2656"]
[BlackElo "2557"]
[Annotator "TA"]
[PlyCount "151"]
[EventDate "2022.06.09"]
[EventType "team-tourn"]
[EventCountry "FRA"]
[SourceTitle "playchess.com"]
[Source "ChessBase"]
[SourceQuality "1"]
[TimeControl "40/5400+30:1800+30"]

1. e4 e5 2. Nf3 Nc6 3. Bc4 Nf6 4. d3 Bc5 5. c3 d6 6. Nbd2 O-O 7. h3 {[%emt 0:01:13] C54: Giuoco Piano: 4 c3 Nf6, main lines with 5 d4 and 5 d3.} Re8 8. O-O h6 9. Re1 {[%emt 0:00:17] White has an edge.} a6 10. Bb3 Be6 11. Nf1 $1 {[%emt 0:07:33] The main line 11.Nf1 scores better than 11.Bc2.} Bxb3 12. Qxb3 Qd7 13. Be3 Bxe3 14. Nxe3 Ne7 15. Nh4 ({Wrong is} 15. Qxb7 $2 Reb8 16. Qxa8 Rxa8 $19) 15... c6 {[%emt 0:00:00] [#]} 16. Nc4 $146 ({Predecessor:} 16. Qb6 d5 17. Rad1 Rad8 18. a4 Nc8 19. Qb4 Qc7 20. exd5 cxd5 21. Nhf5 Qd7 22. d4 {½-½ (40) Herzog,K (1953)-Friedrich,G (1940) GER email 2017}) 16... Qc7 17. a4 b5 18. Ne3 Nd7 19. d4 Nb6 (19... Nf6 {seems wilder.} 20. Nef5 Rad8 21. axb5 axb5 22. Qc2 Nxf5 23. Nxf5 Kh7) 20. axb5 (20. a5 {with more complications.} Nd7 21. Nhf5 Nf6 22. dxe5 dxe5 23. c4) 20... axb5 21. dxe5 dxe5 22. Qb4 Rab8 23. Red1 Nd7 (23... Kh7 $11 {remains equal.}) 24. Nhf5 $16 Nxf5 25. Nxf5 Nf6 26. Qc5 {[%emt 0:07:59] White is much more active.} ({White should try} 26. Qd6 $16 Qxd6 27. Nxd6) 26... Nxe4 $14 27. Qe3 Ng5 28. h4 Ne6 29. Ra7 $36 {[%emt 0:00:06][%mdl 2048] White fights for an advantage.} Rb7 30. Rxb7 Qxb7 31. Qxe5 Qa7 32. Rd6 Qc5 ({Less strong is} 32... Qa1+ 33. Kh2 Qa7 34. Rxc6 $16) (32... c5 $1 $14) 33. Qxc5 ({White should play} 33. Qe4) 33... Nxc5 $16 {[%emt 0:00:01][%mdl 4096] Endgame KRN-KRN} 34. b4 Na4 (34... Re1+ $142 35. Kh2 Re5) 35. Rxc6 Re1+ 36. Kh2 Rc1 37. Ne7+ Kh7 (37... Kf8 $16 38. Rc7 (38. Nd5 Ke8 $16) 38... Nxc3) 38. Nd5 $18 Rc2 {[%emt 0:00:48] [#]} 39. Kg3 (39. f3 $142 $1) 39... Rd2 $16 40. Ne3 Rd3 41. c4 bxc4 42. Rxc4 Rb3 43. Rf4 Kg8 44. Kh2 Nc3 45. h5 Rb2 46. Rc4 Nb5 47. f3 g6 48. Ng4 Kg7 49. Ne5 gxh5 50. Nd3 Rd2 51. Nf4 Nd6 52. Rc7 (52. Nxh5+ $14 Kg6 53. Rc5) 52... Nf5 (52... h4 $11) 53. Nxh5+ Kg6 54. Rc5 Nd4 (54... Rd4 $14 {was preferrable.}) 55. Nf4+ Kg7 56. Kg3 {[%emt 0:00:22] And now Rd5 would win.} Rb2 57. Rc4 Nf5+ 58. Kh3 Rb1 59. g4 Nd6 60. Rc6 Nb5 61. Nh5+ Kf8 $1 62. Rxh6 Rxb4 63. f4 Nd4 64. f5 (64. Ra6 $14) 64... Nf3 65. Ra6 Rb3 66. Kg3 Nd2+ 67. Kf4 Rb4+ {[%emt 0:04:22] [#]} 68. Kg5 $1 {[%emt 0:00:10] Ra8+ is the strong threat.} Ke7 $2 {[%emt 0:01:21][%mdl 8192] This move loses the game for Black.} (68... Nf3+ $16 69. Kf6 Rb8) 69. Nf6 $18 {[%emt 0:01:26] Black must now prevent Nd5+. White is clearly winning.} Nf3+ 70. Kh6 {[%emt 0:00:04] aiming for Nd5+.} Rb5 {[%emt 0:00:32] Inhibits Nd5+.} 71. Kg7 Nd4 72. Ng8+ Ke8 73. Nh6 Rb4 74. Nxf7 Nf3 75. g5 (75. Rd6 $142 Rxg4+ 76. Kf6) 75... Nh4 76. Kf6 {[%emt 0:00:41] Weighted Error Value: White=0.09 (flawless) /Black=0.12 (very precise)} 1-0

[Event "FRA-ch Teams Top 16-A 2022"]
[Site "Chartres"]
[Date "2022.06.09"]
[Round "1.18"]
[White "Song, Julien"]
[Black "Bauer, Christian"]
[Result "0-1"]
[ECO "E61"]
[WhiteElo "2388"]
[BlackElo "2596"]
[Annotator "TA"]
[PlyCount "78"]
[EventDate "2022.06.09"]
[EventType "team-tourn"]
[EventCountry "FRA"]
[SourceTitle "playchess.com"]
[Source "ChessBase"]
[SourceQuality "1"]
[TimeControl "40/5400+30:1800+30"]

1. d4 d6 2. Nf3 Nf6 3. c4 g6 4. Nc3 Bf5 5. Qb3 b6 6. h3 {[%emt 0:01:08] E61: King's Indian: Early deviations for White, including Smyslov System.} Bg7 7. g4 Bc8 8. e4 {[%emt 0:04:53] White is slightly better.} Bb7 {[%emt 0:02:43] [#]} 9. d5 $146 ({Predecessor:} 9. Qc2 h5 10. g5 Nfd7 11. Be3 a6 12. O-O-O c5 13. Be2 Nc6 14. d5 Na5 15. Nd2 {1-0 (68) Barbot,P (2453)-Le Roux,J (2543) Agen 2017}) 9... O-O 10. Be3 c6 11. Bg2 Nbd7 12. O-O Rc8 13. Nd4 cxd5 14. cxd5 Nc5 15. Qa3 e5 16. Ndb5 {[%emt 0:18:58] With the idea b4.} (16. Nc6 $5 Bxc6 17. dxc6 $11) 16... h5 (16... a5 $11) 17. g5 ({Much weaker is} 17. Nxa7 $6 Ra8 $11) 17... Nh7 {[%emt 0:00:00] [#]} (17... Ne8 $1 $14) 18. b4 $1 $36 {[%emt 0:00:22][%mdl 2048] White is really pushing.} ({Stronger than} 18. Nxa7 Ra8 $11) 18... Na6 19. Nxa7 Nxg5 (19... Ra8 {might work better.}) 20. Nxc8 Bxc8 21. Bxg5 Qxg5 22. Nb5 Qd8 23. Rac1 {[%emt 0:00:37] Black must now prevent Rc6.} Bb7 {[%emt 0:00:00] Inhibits Rc6.} 24. Na7 Bh6 25. Rc2 Bf4 26. Rb1 Qg5 (26... f5 $142 27. Nc6 Qd7) 27. Nb5 Qe7 28. Qd3 Ra8 29. a3 Kg7 30. Rb3 g5 (30... Qd8 $142 31. Qf1 Kh7) 31. Rbc3 (31. Qd1 $142) 31... Nxb4 32. axb4 Ra1+ 33. Bf1 {[%emt 0:00:08] Hoping for Rc7.} Ba6 34. Kg2 $2 (34. f3 $18) 34... g4 $17 {[%emt 0:00:08] And now ...Qg5 would win. Dancing on a razor blade.} 35. Be2 $2 (35. Qe2 $17) 35... Qg5 $19 36. hxg4 hxg4 {( -> ...Qh5)} 37. Bxg4 Qxg4+ (37... Bxb5 $142 38. Qf3 Bf1+ 39. Kg1 Be2+ 40. Kg2 {[#]} Qh6 $1 41. Qh3 Bf1+ 42. Kf3 Bxh3 43. Rc1 Bxc1 44. Bxh3 Qxh3+ 45. Ke2 Qxc3 46. f4 Bxf4 47. Kf2 Qg3+ 48. Ke2 Qe3#) 38. Qg3 Bxg3 39. Rxg3 Qxg3+ {[%emt 0:00:00] Weighted Error Value: White=0.88/Black=0.40} 0-1

[Event "FRA-ch Teams Top 16-A 2022"]
[Site "Chartres"]
[Date "2022.06.09"]
[Round "1.19"]
[White "Tiviakov, Sergei"]
[Black "Iglesias, Yosha"]
[Result "1-0"]
[ECO "B06"]
[WhiteElo "2567"]
[BlackElo "2202"]
[Annotator "TA"]
[PlyCount "107"]
[EventDate "2022.06.09"]
[EventType "team-tourn"]
[EventCountry "FRA"]
[SourceTitle "playchess.com"]
[Source "ChessBase"]
[SourceQuality "1"]
[TimeControl "40/5400+30:1800+30"]

1. e4 c5 2. c3 d5 3. exd5 Qxd5 4. d4 g6 5. Nf3 Bg7 6. Nbd2 {[%emt 0:01:27] B06: Modern Defence.} cxd4 7. Bc4 Qc5 8. Qb3 {[%emt 0:01:08] White is slightly better.} Nh6 9. Ne4 Qb6 10. Qxb6 axb6 11. Nxd4 Nf5 {[%emt 0:07:03] [#]} 12. Nb5 $146 {[%emt 0:03:27] [#] Nc7+ is the strong threat.} ({Predecessor:} 12. Nf3 Nc6 13. Bf4 O-O 14. O-O e5 15. Bg5 Na5 16. Bd5 h6 17. g4 hxg5 18. gxf5 gxf5 19. Nexg5 {1-0 (72) Beerdsen,T (2508)-Nguyen,P (2401) Cappelle la Grande 2022}) 12... O-O 13. O-O Nc6 14. Bf4 Ne5 15. Bxe5 Bxe5 16. Rfd1 {[%emt 0:00:29] Inhibits Bd7.} Ng7 17. Bb3 Bf5 18. Nd2 Bd3 19. Bc4 Bc2 {[%emt 0:02:38] This bishop pair is nice.} 20. Re1 Bf6 21. Bb3 Rad8 22. Ne4 Bxe4 23. Rxe4 e6 24. Rae1 Rd2 25. Na3 b5 26. Rb1 Be7 27. Nxb5 {[%emt 0:00:07] White now steadily converts the win.} Bc5 28. Nd4 Nf5 29. Re2 Rxe2 30. Nxe2 Rd8 31. Kf1 Nh4 (31... Be7 $142) 32. Bc2 $16 f5 (32... Kg7 $16 {is a better defense.}) 33. Rd1 $18 Rxd1+ 34. Bxd1 {[%emt 0:00:04][%mdl 4096] Endgame KBN-KBN} g5 35. Nd4 e5 36. Bb3+ Kh8 37. Ne6 Be7 38. Bd5 b6 39. b4 Ng6 40. a4 Nf4 41. Nxf4 gxf4 {[%emt 0:06:24] KB-KB} 42. Be6 e4 (42... h6 $142 43. Bxf5 Kg7) 43. Bxf5 Bf6 44. c4 (44. Bxe4 Bxc3 45. b5 Kg7 $16) 44... Bc3 45. c5 ({Resist} 45. Bxe4 $6 Bxb4 46. Ke2 Kg7 $16) 45... Bxb4 $2 {[%emt 0:00:24] [#]} (45... bxc5 46. b5 (46. bxc5 e3 $18) (46. Bxe4 Bxb4 47. Ke2 c4 $16) 46... Ba5 47. Bxe4 c4) 46. cxb6 h6 47. Bxe4 Kg7 48. g4 fxg3 49. fxg3 Kf6 50. Ke2 Ke5 51. Kf3 (51. b7 $142 Bd6 52. Kd3 Ke6 53. a5 Bb8 54. a6 h5 55. Bg6 Kd5 56. Bxh5) 51... Ba5 52. b7 Bc7 53. h4 Bb8 54. g4 {[%emt 0:28:39] Weighted Error Value: White=0.05 (flawless) /Black=0.42} 1-0

[Event "FRA-ch Teams Top 16-A 2022"]
[Site "Chartres"]
[Date "2022.06.09"]
[Round "1.20"]
[White "Sohier, Julien"]
[Black "Maurizzi, Marc`Andria"]
[Result "0-1"]
[ECO "B30"]
[WhiteElo "2218"]
[BlackElo "2490"]
[Annotator "TA"]
[PlyCount "58"]
[EventDate "2022.06.09"]
[EventType "team-tourn"]
[EventCountry "FRA"]
[SourceTitle "playchess.com"]
[Source "ChessBase"]
[SourceQuality "1"]
[TimeControl "40/5400+30:1800+30"]

1. e4 c5 2. Nc3 Nc6 3. Bb5 Nd4 4. Nf3 e6 5. O-O a6 6. Bd3 Nc6 {[%emt 0:00:09] B30: Sicilian: 2...Nc6 3 Bb5, lines without ...g6.} 7. Nd5 {[%emt 0:04:21][%cal Oc2c3] 7.e5 is becoming the main line.} g5 {[%emt 0:25:00] Threatens to win with ...g4.} 8. Ne3 h5 {[%emt 0:07:28] The position is equal.} 9. c3 Bg7 (9... g4 $5 10. Ne1 d5 $11) 10. Bc2 g4 11. Ne1 {[%emt 0:03:04] [#]} Nh6 $146 (11... d5 $11) ({Predecessor:} 11... Nge7 12. f4 gxf3 13. Nxf3 Ng6 14. d4 cxd4 15. cxd4 Nh4 16. d5 Nxf3+ 17. Qxf3 Ne5 {0-1 (44) Ibarra Jerez,J (2570)-Garriga Cazorla,P (2472) Chess.com INT 2022}) 12. f4 (12. Nd3 $16) 12... d5 $11 13. e5 b5 14. a4 Rb8 15. Rf2 d4 $36 {[%emt 0:01:36][%mdl 2048] White is under pressure.} 16. Nf1 Bb7 17. axb5 (17. Ng3 {feels hotter.} h4 18. Ne4 g3 19. Nd6+) 17... axb5 18. Ng3 Bf8 ({Black should play} 18... h4 $11 19. Ne4 Qb6) 19. Nxh5 $14 Be7 {[%emt 0:00:04] Inhibits Nf6+.} 20. Be4 c4 {[%emt 0:01:43] [#]} 21. cxd4 $2 {[%emt 0:07:00][%mdl 8192] This move loses the game for White.} (21. d3 $1 $16 {keeps the pressure on.}) 21... Nxd4 $19 22. Bxb7 Rxb7 23. Nf6+ (23. b4 $142) 23... Bxf6 24. exf6 Nb3 {[%emt 0:00:23] Pair of Knights!} (24... Qxf6 25. g3 $17) 25. Ra3 Nf5 {[%emt 0:01:16][%cal Bh6f5,Bf5g3,Bg3e2][%mdl 32] [#] And now ...g3 would win.} ({Weaker is} 25... Qxf6 26. g3 $17) 26. d3 $2 (26. Qxg4 Nxc1 27. Qf3) 26... g3 {[%emt 0:01:04] Black is clearly winning.} 27. hxg3 Nxg3 28. Rf3 Nxc1 (28... Qd4+ $142 29. Be3 Rh1+ 30. Kf2 Ne4+ 31. dxe4 Qxd1) 29. Qxc1 Ne2+ {[%emt 0:00:02] Weighted Error Value: White=1.20/Black=0.40} 0-1

[Event "FRA-ch Teams Top 16-A 2022"]
[Site "Chartres"]
[Date "2022.06.09"]
[Round "1.21"]
[White "Medvegy, Zoltan"]
[Black "Mendeiros, Jerome"]
[Result "1-0"]
[ECO "D45"]
[WhiteElo "2522"]
[BlackElo "2097"]
[Annotator "TA"]
[PlyCount "63"]
[EventDate "2022.06.09"]
[EventType "team-tourn"]
[EventCountry "FRA"]
[SourceTitle "playchess.com"]
[Source "ChessBase"]
[SourceQuality "1"]
[TimeControl "40/5400+30:1800+30"]

1. Nf3 d5 2. e3 Nf6 3. c4 c6 4. Nc3 e6 5. b3 Bd6 6. Bb2 O-O 7. Be2 b6 8. Qc2 Bb7 9. O-O Nbd7 10. d4 Qe7 11. Rad1 Rad8 12. Rfe1 Rfe8 13. g3 {[%emt 0:01:14] D45: Semi-Slav: 5 e3.} Bb4 {[%emt 0:08:15] The modern move.} 14. a3 Bxc3 ({Don't do} 14... Bxa3 15. Bxa3 Qxa3 16. Ra1 $14) 15. Bxc3 {[%emt 0:05:48] The position is equal.} Ne4 16. Bb2 c5 {[%emt 0:13:28] [#]} 17. Nd2 $146 ({Predecessor:} 17. dxc5 bxc5 18. cxd5 exd5 19. Bf1 Ndf6 20. h3 Bc8 21. Bg2 h5 22. b4 Bf5 23. Qa4 {1-0 (81) Rustemov,A (2525)-Caruana,F (2792) Chess.com INT 2022}) 17... Nxd2 18. Rxd2 Nf6 19. f3 Nd7 20. cxd5 exd5 21. Bd3 h6 22. Rde2 Rc8 23. e4 {[%emt 0:09:36] [#]} (23. Bh7+ $14 {stays ahead.} Kh8 24. Bf5) 23... cxd4 {[%emt 0:05:37] [#]} (23... c4 $1 $17 24. exd5 (24. bxc4 dxc4 25. Bxc4 b5 $17) 24... cxd3 25. Rxe7 Rxc2 26. Rxe8+ Kh7) 24. exd5 $1 $14 Qf8 25. Bc4 {[%emt 0:09:22] This bishop pair is nice.} b5 (25... Rxe2 $11 26. Qxe2 Nf6) 26. Rxe8 Rxe8 27. Rxe8 Qxe8 28. Bxb5 {[%emt 0:04:16] Threatens to win with Qe4.} Bxd5 29. Bxd4 (29. Qf2 $16) 29... Qe1+ $2 (29... Bxf3 $11 {and Black is okay.} 30. Kf2 Bg4) 30. Kg2 $18 Ne5 (30... Nf8 31. b4 (31. Bxa7 Qa5 $16) 31... Ne6 32. Qc8+ Nf8) 31. Qc8+ Kh7 32. Qf5+ {[%emt 0:00:05] Weighted Error Value: White=0.26 (precise) /Black=0.40} 1-0